SCURSCUM, neutral female scurrid Archeologist i c H qw| .E@| .Sw| ..} %.} g SCURSCUM the Digger Experience level: 2 Strength: 13 Dexterity: 10 Constitution: 12 Intelligence: 16 Wisdom: 15 Charisma: 11 Health: 0(19) Energy: 10(10) Def: 3 Gold: 780 Moves: 146 Dungeon seed: iV3DB08vSaHbdGjI Game ID: SCURSCUM_1498685519 Your Inventory: Coins $ - 780 gold pieces Weapons a - an uncursed +2 bullwhip i - an uncursed +0 long sword Armor e - an uncursed +0 leather jacket (being worn) n - a blessed +0 pair of leather gloves (being worn) r - an uncursed +0 pair of water walking boots (being worn) Comestibles b - 4 uncursed chestnuts Scrolls j - an uncursed scroll of scare monster Wands d - an uncursed wand of light (0:12) Tools c - an uncursed pair of lenses f - an uncursed sack g - an uncursed tin opener (alternate weapon; not wielded) Gems q - an uncursed touchstone Spells and supernatural/magical abilities: Name Level Category Fail Memory W - pray for help -- divine ? -- Your skills at the end: Miscellaneous Skills wands [Basic] Weapon Skills boomerang [Basic] whip [Basic] Spellcasting Skills Final Attributes: You were devoutly aligned. You had infravision. You were very stealthy. You could walk on water. You were fast. You are dead. Vanquished creatures: a wood nymph a hobgoblin a lichen 3 creatures vanquished. Voluntary challenges: You went without food. You did not adorn yourself with jewelry or accessories. You did not cause conflict. You were not invisible. You did not have reflection. You were not displaced. You were an atheist. You used a wielded weapon 5 times, starting on turn 100. You did not use tools. You did not use plumbed fixtures. You did not drink any magical draughts. You were illiterate. You never genocided any monsters. You never polymorphed an object. You never changed form. You used no wishes. You never split a pudding. You never wrote Elbereth's name. You never violated your personal moral code. Dungeon overview: The Dungeons of Doom: levels 1 to 26 Level 1 a long staircase Level 2 Level 3 Level 4 an altar to Huhetotl Level 5 Level 6 Level 7 Level 8 Level 9 Level 10 Level 11 Level 12 Level 13 Level 14 Level 15 Level 16 Level 17 Level 18 Level 19 Level 20 Level 21 Level 22 Level 23 Level 24 Level 25 Level 26 <- You were here History has recorded: On T:1 you entered the Dungeons of Doom to retrieve the Amulet of Yendor! On T:50 you reached level 2 of The Dungeons of Doom. On T:52 you reached level 3 of The Dungeons of Doom. On T:54 you reached level 4 of The Dungeons of Doom. On T:56 you reached level 5 of The Dungeons of Doom. On T:62 you reached level 6 of The Dungeons of Doom. On T:73 you reached level 7 of The Dungeons of Doom. On T:74 you reached level 8 of The Dungeons of Doom. On T:76 you reached level 9 of The Dungeons of Doom. On T:78 you reached level 10 of The Dungeons of Doom. On T:81 you reached level 11 of The Dungeons of Doom. On T:83 you reached level 12 of The Dungeons of Doom. On T:85 you reached level 13 of The Dungeons of Doom. On T:108 you advanced to experience level 2. On T:119 you reached level 15 of The Dungeons of Doom. On T:121 you reached level 16 of The Dungeons of Doom. On T:121 you entered the Rogue tribute level. On T:123 you reached level 17 of The Dungeons of Doom. On T:124 you reached level 18 of The Dungeons of Doom. On T:128 you reached level 19 of The Dungeons of Doom. On T:130 you reached level 20 of The Dungeons of Doom. On T:132 you reached level 21 of The Dungeons of Doom. On T:135 you reached level 22 of The Dungeons of Doom. On T:138 you reached level 23 of The Dungeons of Doom. On T:139 you reached level 24 of The Dungeons of Doom. On T:141 you reached level 25 of The Dungeons of Doom. On T:143 you reached level 26 of The Dungeons of Doom. Score breakdown: Gold: 780 ( 78 points) Experience: 2 levels ( 100 points) Exploration: 26 levels ( 750 points) Discoveries: 2 items ( 100 points) Variety of kills: 3 monsters ( 150 points) Major goal: (nothing yet) ( 0 points) Survival: died (score multiplied by 3) Total score: 3534 Latest messages: You continue digging downward. You dig a pit in the floor. The giant ant bites! You continue digging downward. You dig a hole through the floor. You fall through... You start digging downward. You continue digging downward. You dig a pit in the floor. You continue digging downward. You dig a hole through the floor. You fall through... The cobra bites! The titan casts a spell! Monsters suddenly arrive from nowhere! Monsters appear from nowhere! You begin bashing monsters with your gloved paws. You miss it. (2x) The baluchitherium claws you! You die... The sack is empty. The sack is empty. Final status: Goodbye SCURSCUM the Archeologist, killed by a baluchitherium... You died in The Dungeons of Doom on dungeon level 26 with 3534 points, and 780 pieces of gold, after 146 moves. You were level 2 with a maximum of 19 hit points when you died.